 Dungeon Crawl Stone Soup version 0.29.1-13-g9f3cf754e1 (webtiles) character file.

Game seed: 14771977857210077461

105 flickminster the Insei (level 4, -2/33 HPs)
             Began as a Demonspawn Transmuter on Feb 5, 2023.
             Slain by a gnoll
             ... wielding a +0 halberd
              (12 damage)
             ... on level 3 of the Dungeon.
             The game lasted 00:13:47 (2547 turns).

flickminster the Insei (Demonspawn Transmuter)      Turns: 2547, Time: 00:13:48

Health: -2/33      AC: 10    Str: 11    XL:     4   Next: 53%
Magic:  7/7        EV: 11    Int: 14    God:
Gold:   894        SH:  0    Dex: 17    Spells: 7/8 levels left

rFire   . . .      SeeInvis .   d - +0 short sword (vorpal)
rCold   . . .      Faith    .   (no shield)
rNeg    . . .      Spirit   .   h - +4 ring mail
rPois   .          Reflect  .   (helmet restricted)
rElec   .          Harm     .   (no cloak)
rCorr   .          Rampage  .   (no gloves)
Will    .....                   (no boots)
Stlth   ++........              (no amulet)
HPRegen 0.11/turn               (no ring)
MPRegen 0.10/turn               (no ring)

@: no status effects
A: hooves 1, rugged brown scales 1, horns 1, thin skeletal structure 1,
screaming 1
a: no special abilities


You were on level 3 of the Dungeon.
You visited 1 branch of the dungeon, and saw 3 of its levels.

You collected 894 gold pieces.

Inventory:

Hand Weapons
 d - a +0 vorpal short sword (weapon)
 p - the +6 morningstar "Niruoq" {venom, Fly Str-2 Stlth+}
   (You found it on level 2 of the Dungeon)

   It poisons the flesh of those it strikes.
   Str:       It affects your strength (-2).
   Fly:       It grants you flight.
   Stlth:     It makes you more stealthy.
Armour
 a - a +0 robe
 h - a +4 ring mail (worn)
 m - a +0 buckler
 q - a +0 kite shield
Scrolls
 i - a scroll of fear
 j - 4 scrolls of teleportation
Potions
 b - 4 potions of lignification
 o - a potion of attraction {unknown}


   Skills:
 + Level 1.9 Fighting
 + Level 1.1 Short Blades
 + Level 2.4 Dodging
 + Level 3.1 Unarmed Combat
 + Level 2.6 Spellcasting
 + Level 2.3 Transmutations


You had 7 spell levels left.
You knew the following spells:

 Your Spells              Type           Power      Damage    Failure   Level
a - Beastly Appendage     Tmut           16%        N/A       21%         1

Your spell library contained the following spells:

 Spells                   Type           Power      Damage    Failure   Level
 Wereblood                Tmut           8%         N/A       30%         2
 Spider Form              Tmut/Pois      5%         N/A       69%         3
 Ice Form                 Ice/Tmut       5%         N/A       97%         4


Dungeon Overview and Level Annotations

Branches:
Dungeon (3/15)

Altars:
Qazlal


Innate Abilities, Weirdness & Mutations

You have large cloven feet.
You are partially covered in rugged brown scales. (AC +1, +3% HP)
You have a pair of small horns on your head.
You have a somewhat thin skeletal structure. (Dex +2, Stealth+)
You occasionally shout uncontrollably at your foes.


Message History

Your extra speed is starting to run out.
The gnoll hits you from afar with a +0 halberd.
The gnoll hits you but does no damage.
You hit the gnoll but do no damage.
The gnoll is severely wounded.
The gnoll barely misses you. The gnoll closely misses you.
You barely miss the gnoll. Your kick misses the gnoll.
The gnoll is severely wounded.
You feel better. The gnoll barely misses you. The gnoll misses you.
You hit the gnoll but do no damage. You kick the gnoll, but do no damage.
You headbutt the gnoll.
The gnoll is almost dead.
The gnoll hits you from afar with a +0 halberd!
The gnoll hits you with a +0 halberd of protection.
You hit the gnoll.
You kill the gnoll!
A bat comes into view.
You yell at the bat!
Found an escape hatch in the floor.
The gnoll misses you.
You see here a +0 halberd of protection.
You barely miss the gnoll. Your kick misses the gnoll.
The gnoll closely misses you.
You hit the gnoll but do no damage. You kick the gnoll.
The gnoll is lightly wounded.
You feel yourself slow down. The bat closely misses you.
The bat barely misses you. The gnoll hits you with a +0 halberd.
* * * LOW HITPOINT WARNING * * *
You hit the gnoll. You headbutt the gnoll.
You punch the gnoll, but do no damage.
The gnoll is severely wounded.
The bat misses you. The gnoll closely misses you.
You hit the gnoll but do no damage.
The gnoll is severely wounded.
The bat hits you but does no damage. The bat misses you.
The gnoll barely misses you.
You barely miss the gnoll. You headbutt the gnoll.
The gnoll is severely wounded.
The bat barely misses you. The bat misses you.
The gnoll hits you with a +0 halberd!
You die...

. .... .. ..... .>.
#.#. ....
#...######## .....
#...#..(.####......
#......#..)@g......
#.#.#..#####b......
#####+#..####
.......
#........#..#
.......
#.....<.....#
.......
#........._.#
.######
#...........# .#
#...#.....#..# ..
#.# ##########


You could see a gnoll and a bat.

Vanquished Creatures
  3 gnolls (D:3)
  2 adders
  2 worms (D:2)
  A dart slug (D:1)
  5 ball pythons
  3 endoplasms
  3 giant cockroaches
  2 goblins (D:1)
  2 hobgoblins (D:1)
  3 jackals (D:1)
  2 quokkas
  3 bats
  5 frilled lizards
  11 kobolds
  4 rats
51 creatures vanquished.

Notes
Turn   | Place    | Note
-------+----------+-------------------------------------------
     0 | D:1      | flickminster the Demonspawn Transmuter began the quest for
                  | the Orb.
     0 | D:1      | Reached XP level 1. HP: 15/15 MP: 3/3
   340 | D:1      | Lost mutation: You have razor-sharp toenails. [demonic
                  | ancestry]
   340 | D:1      | Lost mutation: You have sharp toenails. [demonic ancestry]
   340 | D:1      | Gained mutation: You have large cloven feet. [demonic
                  | ancestry]
   340 | D:1      | Reached XP level 2. HP: 18/21 MP: 3/5
  1303 | D:1      | Found a faded altar of an unknown god.
  1541 | D:2      | Gained mutation: You are partially covered in rugged brown
                  | scales. (AC +1, +3% HP) [demonic ancestry]
  1541 | D:2      | Reached XP level 3. HP: 21/26 MP: 6/6
  1815 | D:2      | Reached skill level 3 in Unarmed Combat
  1820 | D:2      | Identified the +6 morningstar "Niruoq" {venom, Fly Str-2
                  | Stlth+}
  2483 | D:2      | Identified a scroll of acquirement
  2483 | D:2      | Acquired 838 gold pieces
  2488 | D:2      | Gained mutation: You have a somewhat thin skeletal
                  | structure. (Dex +2, Stealth+) [potion of mutation]
  2488 | D:2      | Gained mutation: You have a pair of small horns on your
                  | head. [potion of mutation]
  2488 | D:2      | Gained mutation: You occasionally shout uncontrollably at
                  | your foes. [potion of mutation]
  2490 | D:3      | Found a stormy altar of Qazlal.
  2515 | D:3      | Reached skill level 1 in Short Blades
  2515 | D:3      | Reached XP level 4. HP: 33/33 MP: 5/7
  2547 | D:3      | Slain by a gnoll

Illustrated notes

Levels and vault maps discovered:
D:1:      dpeg_arrival_pond, layout_basic, hellmonk_ecumenical_altar_dog_temple
D:2:      minmay_general_purpose_star, layout_loops_ring
D:3:      layout_basic, grunt_temple_overflow_open,
          mainiacjoe_overflow_alcove_1, serial_shops, shop,
          gammafunk_ghost_split

Skill      XL: |  1  2  3 |
---------------+----------+-----
Dodging        | 2 |  2.4
Transmutations | 2 |  2.3
Unarmed Combat | 3 |  3.1
Short Blades   | 1 |  1.1
Fighting       | |  1.9
Spellcasting   | |  2.6

Action                   |  1- 3 |  4- 6 || total
-------------------------+-------+-------++-------
Melee: Unarmed           |    16 |       ||    16
       Short sword       |   106 |    29 ||   135
       Kick              |    21 |     8 ||    29
       Headbutt          |     7 |     6 ||    13
       Punch             |       |     1 ||     1
 Cast: Beastly Appendage |    15 |       ||    15
  Use: Scroll            |     6 |       ||     6
       Potion            |     3 |     2 ||     5
 Stab: Sleeping          |     1 |       ||     1
Armor: Robe              |    15 |       ||    15
       Ring mail         |    56 |     7 ||    63
Dodge: Dodged            |    73 |    25 ||    98
Block: Buckler           |    11 |       ||    11
